 Dungeon Crawl Stone Soup version 0.24.0-13-gcf9b319 (webtiles) character file.

Game seed: 5753141863574650354, levelgen mode: deterministic

6169 Fang the Blocker (level 10, -4/66 HPs)
             Began as a Gargoyle Fighter on Dec 16, 2019.
             Was an Elder of Trog.
             Slain by a spatial maelstrom (12 damage)
             ... on level 2 of the Abyss.
             The game lasted 00:11:59 (7386 turns).

Fang the Blocker (Gargoyle Fighter)                 Turns: 7386, Time: 00:12:00

Health: -4/66      AC: 33    Str: 27    XL:     10   Next: 90%
Magic:  6/19       EV:  6    Int:  9    God:    Trog [****..]
Gold:   240        SH: 12    Dex:  9    Spells: 9/9 levels left

rFire    x . .     SeeInvis .   a - +3 war axe
rCold    . . .     Gourm    .   B - +0 shield
rNeg     + . .     Faith    .   b - +0 plate armour
rPois    ∞         Spirit   .   t - +2 helmet
rElec    +         Reflect  .   w - +2 cloak
rCorr    .         Harm     .   (no gloves)
MR       +....                  f - +4 pair of boots of Upeos {+Fly rF- Str+4 Stlth+}
Stlth    ..........             (no amulet)
HPRegen  0.21/turn              j - ring of magical power
MPRegen  0.16/turn              i - ring of protection from magic

@: no status effects
A: negative energy resistance 1, electricity resistance, unbreathing,
petrification resistance, rot immunity, AC +7
a: Berserk, Trog's Hand, Brothers in Arms, Renounce Religion, Evoke Flight


You were on level 2 of the Abyss.
You worshipped Trog.
Trog was greatly pleased with you.
You were not hungry.

You visited 2 branches of the dungeon, and saw 11 of its levels.
You visited the Abyss 1 time.

You collected 458 gold pieces.
You spent 218 gold pieces at shops.

Inventory:

Hand Weapons
 a - a +3 war axe (weapon)
Armour
 b - a +0 plate armour (worn)
 f - the +4 pair of boots of Upeos (worn) {+Fly rF- Str+4 Stlth+}
   (You bought it in a shop on level 5 of the Dungeon)

   It affects your strength (+4).
   It makes you vulnerable to fire.
   It lets you fly.
   It makes you more stealthy.
 n - a scarf of spirit shield
 t - a +2 helmet (worn)
 w - a +2 cloak (worn)
 B - a +0 shield (worn)
Jewellery
 i - a ring of protection from magic (right hand)
 j - a ring of magical power (left hand)
Wands
 k - a wand of clouds (11)
 q - a wand of acid (5)
 A - a wand of enslavement (7)
 D - a wand of digging (6)
Scrolls
 e - a scroll of fog
 l - 2 scrolls of teleportation
 v - 2 scrolls of remove curse
 x - a scroll of fear
 y - a scroll of enchant weapon
Potions
 d - 2 potions of might
 g - a potion of haste
 h - a potion of flight
 m - 2 potions of berserk rage {unknown}
 o - 2 potions of agility
 p - a potion of lignification
 r - 5 potions of degeneration {unknown}
 u - 2 potions of curing {unknown}
 z - a potion of resistance
 C - 2 potions of heal wounds {unknown}
Comestibles
 c - 18 rations


   Skills:
 + Level 9.5 Fighting
 + Level 7.6 Axes
 + Level 9.4 Armour
 + Level 9.5 Shields


You had 9 spell levels left.
You didn't know any spells.
Your spell library was empty.

Dungeon Overview and Level Annotations

Branches:
Dungeon (9/15)             Temple (1/1) D:4
   Lair: D:8-11         Orc: D:9-12

Altars:
Ashenzari
Cheibriados
Dithmenos
Elyvilon
Fedhas
Gozag
Hepliaklqana
Kikubaaqudgha
Makhleb
Nemelex Xobeh
Okawaru
Qazlal
Ru
Sif Muna
Trog
Uskayaw
Vehumet
Wu Jian
Xom
Yredelemnul
Zin
The Shining One

Shops:
D:5 *   D:6 ?

Annotations:
D:9 exclusion: obsidian statue
D:11 Sonja


Innate Abilities, Weirdness & Mutations

You are resistant to torment.
Your stone body is resilient. (AC +7)
You are immune to poison.
You resist negative energy. (rN+)
You are resistant to electric shocks. (rElec)
You can survive without breathing.
You are immune to petrification.
You are immune to rotting.


Message History

The spatial maelstrom hits you but does no damage.
The spatial vortex moves out of view.
You slash the eye of draining!
The eye of draining is severely wounded.
You slash the spatial maelstrom!
The spatial maelstrom barely misses you.
You block the spatial maelstrom's attack.
You hit the eye of draining.
The eye of draining is almost dead.
You hit the spatial vortex.
You block the spatial maelstrom's attack. x2
You slash the eye of draining!
You kill the eye of draining!
Trog accepts your kill.
You can now call in reinforcements.
You slash the spatial maelstrom!
You block the spatial maelstrom's attack.
The spatial maelstrom hits you.
* * * LOW HITPOINT WARNING * * *
Space warps horribly around you!
You die...

.... .. ... ..
#### . #.#### #.#
##..#.# #
..##.#@.### ..
..#...#v.#.#..#
#......v........
#.#......v._....
##.......##.....
#.....#?.......
#............##
..............##
#................


You could see a spatial maelstrom and 2 spatial vortices.

Vanquished Creatures
  Harold (D:8)
  Maurice (D:9)
  A stone giant skeleton (Abyss:2)
  Sigmund (D:5)
  A spriggan (D:8)
  A hungry ghost (D:9)
  A water moccasin (D:9)
  Duvessa (D:6)
  A porcupine (D:9)
  An orc warrior (D:8)
  2 sky beasts
  2 black bears
  2 ice beasts
  An eye of draining (Abyss:2)
  A phantom (D:5)
  3 ogres
  2 centaurs (D:6)
  8 bullfrogs
  A water moccasin zombie (D:7)
  3 scorpions
  Dowan (D:6)
  6 killer bees (D:11)
  4 wights (D:8)
  4 crimson imps
  4 hounds
  A jelly (D:6)
  7 orc wizards
  7 orc priests
  Crazy Yiuf (D:3)
  5 bullfrog skeletons
  4 iguanas
  11 worker ants
  Natasha (twice) (D:4)
  2 hound skeletons
  A worker ant zombie (D:8)
  A howler monkey zombie (D:7)
  A howler monkey skeleton (D:5)
  5 gnolls
  11 adders
  A shadow imp (D:11)
  An ooze (D:5)
  An adder zombie (D:7)
  2 adder skeletons
  4 worms
  A dart slug (D:2)
  5 leopard geckos
  25 orcs
  8 giant cockroaches
  5 goblins
  9 hobgoblins
  10 jackals
  5 quokkas
  2 ball pythons
  6 bats
  4 frilled lizards
  11 kobolds
  2 quokka skeletons
  9 rats
  2 fungi (D:9)
226 creatures vanquished.

Notes
Turn   | Place    | Note
-------+----------+-------------------------------------------
     0 | D:1      | Fang the Gargoyle Fighter began the quest for the Orb.
     0 | D:1      | Reached XP level 1. HP: 14/14 MP: 1/1
    96 | D:1      | Reached XP level 2. HP: 16/19 MP: 2/2
   286 | D:1      | Reached XP level 3. HP: 20/23 MP: 3/3
   756 | D:2      | Reached XP level 4. HP: 27/29 MP: 4/4
  1103 | D:3      | Reached XP level 5. HP: 20/33 MP: 5/5
  1510 | D:3      | Found a runed translucent door.
  1511 | D:3      | Noticed Crazy Yiuf
  1897 | D:3      | Killed Crazy Yiuf
  2014 | D:4      | Reached XP level 6. HP: 23/39 MP: 6/6
  2461 | D:4      | Found a staircase to the Ecumenical Temple.
  2494 | D:3      | Reached skill level 5 in Fighting
  2494 | D:3      | Reached skill level 5 in Shields
  2728 | D:4      | Reached skill level 5 in Armour
  2729 | D:4      | Reached XP level 7. HP: 39/44 MP: 7/7
  2739 | Temple   | Entered the Ecumenical Temple
  2981 | Temple   | Became a worshipper of Trog the Wrathful
  3054 | D:4      | Noticed Natasha
  3068 | D:4      | Killed Natasha
  3255 | D:4      | Noticed Natasha
  3286 | D:4      | Killed Natasha
  3597 | D:5      | Entered Level 5 of the Dungeon
  3679 | D:5      | Noticed Sigmund
  3690 | D:5      | Killed Sigmund
  3690 | D:5      | Reached XP level 8. HP: 31/51 MP: 8/8
  3844 | D:5      | Reached * piety under Trog
  4026 | D:5      | Found a shattered altar of Ashenzari.
  4236 | D:5      | Found a hide-covered altar of Uskayaw.
  4254 | D:5      | Found Irinosam's Assorted Antiques.
  4456 | D:5      | Bought a pair of twisted boots for 218 gold pieces
  4461 | D:5      | Identified the +4 pair of boots of Upeos {+Fly rF- Str+4
                  | Stlth+} (You bought it in a shop on level 5 of the Dungeon)
  4592 | D:6      | Reached skill level 5 in Axes
  4682 | D:6      | Reached XP level 9. HP: 57/57 MP: 9/9
  4914 | D:6      | Noticed Dowan
  4925 | D:6      | Killed Dowan
  4926 | D:6      | Noticed Duvessa
  4946 | D:6      | Killed Duvessa
  5003 | D:6      | Found an iron altar of Okawaru.
  5112 | D:6      | Reached ** piety under Trog
  5459 | D:6      | Found Wewurphi Poax's Magic Scroll Emporium.
  5606 | D:7      | Found a shattered altar of Ashenzari.
  6403 | D:8      | Found a shimmering altar of Xom.
  6403 | D:8      | Found a shimmering altar of Xom.
  6404 | D:8      | Found a shimmering altar of Xom.
  6450 | D:8      | Noticed Harold
  6466 | D:8      | Killed Harold
  6466 | D:8      | Reached XP level 10. HP: 65/65 MP: 10/10
  6782 | D:8      | Reached *** piety under Trog
  7048 | D:9      | Noticed an obsidian statue
  7251 | D:9      | Noticed Maurice
  7262 | D:9      | Killed Maurice
  7290 | D:9      | You fall into a shaft and drop 2 floors!
  7290 | D:11     | Noticed Sonja
  7334 | D:11     | Noticed a brown ugly thing
  7352 | D:11     | Cast into level 2 of the Abyss (Sonja)
  7352 | Abyss:2  | Found a corrupted altar of Lugonu.
  7377 | Abyss:2  | Noticed a spatial maelstrom
  7386 | Abyss:2  | Reached **** piety under Trog
  7386 | Abyss:2  | Slain by a spatial maelstrom

Levels and vault maps discovered:
D:1:      wander_arrival_lonely_grave, layout_basic
D:2:      layout_rooms
D:3:      layout_basic, corexii_corridor_pit, uniq_crazy_yiuf_cottage
D:4:      layout_loops_ring, uniq_natasha
D:5:      layout_rooms, nicolae_ashenzari_panopticon, basic_altar, first_ration,
          serial_shops, nicolae_shop_competitors_out_of_business, uniq_sigmund
D:6:      layout_loops_ring, serial_shops, shop, okawaru_altar_gauntlet_db,
          uniq_duvessa
D:7:      layout_basic, basic_altar
D:8:      layout_rooms, the_bakery, xom_redecorated, uniq_harold
D:9:      layout_loops_ring, grunt_lair_entry_orc_guard_hut, minivault_16,
          minmay_misc_feat_four_crosses, uniq_maurice
D:11:     layout_rooms, mrwooster_statue_mirror, uniq_sonja, uniq_josephine
Temple:   nicolae_temple_the_god_donut
Abyss:2

Skill      XL: |  1  2  3  4  5  6  7  8  9 10 |
---------------+-------------------------------+-----
Axes           | 2 3 4 5 6 7 |  7.6
Shields        | 4 5 7 8 9 |  9.5
Fighting       | 4 5 7 8 9 |  9.5
Armour         | 4 5 6 8 9 |  9.4

Action                   |  1- 3 |  4- 6 |  7- 9 | 10-12 || total
-------------------------+-------+-------+-------+-------++-------
Melee: War axe           |   114 |   218 |   471 |   254 ||  1057
Invok: Berserk           |       |       |     2 |       ||     2
  Use: Scroll            |       |     9 |     6 |     3 ||    18
  Eat: Chunk             |       |     7 |    10 |     7 ||    24
       Ration            |       |       |     1 |     1 ||     2
Armor: Scale mail        |    66 |   177 |    68 |       ||   311
       Plate armour      |       |       |   272 |   227 ||   499
Dodge: Dodged            |    42 |    84 |   106 |    69 ||   301
Block: Shield            |    65 |   176 |   292 |   186 ||   719
